 Dungeon Crawl Stone Soup version 0.28-a0-533-g9f97627e2a (webtiles) character file.

Game seed: 7716662464037574801

5344 heikuro the Cleaver (level 10, -8/91 HPs)
             Began as a Minotaur Fighter on Sept 25, 2021.
             Was a Priest of Lugonu.
             Mangled by an ice devil (11 damage)
             ... summoned by a kobold demonologist
             ... on level 8 of the Dungeon.
             The game lasted 00:16:18 (8152 turns).

heikuro the Cleaver (Minotaur Fighter)              Turns: 8152, Time: 00:16:19

Health: -8/91      AC:  9    Str: 25    XL:     10   Next: 38%
Magic:  12/13      EV: 10    Int:  5    God:    Lugonu [***...]
Gold:   684        SH:  4    Dex:  9    Spells: 9/9 levels left

rFire   . . .      SeeInvis .   a - +0 hand axe (elec)
rCold   + . .      Faith    .   c - +0 buckler
rNeg    . . .      Spirit   .   z - +5 ring mail of the Wheelwright {rPois rC+}
rPois   +          Reflect  .   (helmet restricted)
rElec   .          Harm     .   (no cloak)
rCorr   +          Rampage  .   (no gloves)
Will    +....                   G - +0 pair of boots
Stlth   ..........              I - amulet of regeneration
HPRegen 1.25/turn               u - ring of willpower
MPRegen 0.13/turn               y - ring of resist corrosion

@: spiked, corroded
A: horns 2, retaliatory headbutt
a: Renounce Religion, Depart the Abyss, Bend Space, Banish


You were on level 8 of the Dungeon.
You worshipped Lugonu.
Lugonu was most pleased with you.
You visited 2 branches of the dungeon, and saw 9 of its levels.
You also visited: Sewer and Bailey.

You collected 684 gold pieces.

Inventory:

Hand Weapons
 a - a +0 hand axe of electrocution (weapon)
 b - a +1 hand axe of draining
 i - a +0 war axe
 x - the +10 dark maul {vorpal}
   (You found it on level 4 of the Dungeon)

   It inflicts extra damage upon your enemies.
 C - a +1 hand axe of flaming
Missiles
 f - 33 poisoned darts (quivered)
 v - a throwing net
 L - a curare-tipped dart
Armour
 c - a +0 buckler (worn)
 z - the +5 ring mail of the Wheelwright (worn) {rPois rC+}
   (You found it on level 4 of the Dungeon)

   rC:        It protects you from cold.
   rPois:     It protects you from poison.
 B - the +1 fire dragon scales of a Labyrinth {rElec rF++ rC- rCorr Slay+6 Stlth-}
   (You found it on level 4 of the Dungeon)

   Slay:      It affects your accuracy & damage with ranged weapons and melee
   (+6).
   rF:        It greatly protects you from fire.
   rC:        It makes you vulnerable to cold.
   rElec:     It insulates you from electricity.
   rCorr:     It protects you from acid and corrosion.
   Stlth:     It makes you less stealthy.
 G - a +0 pair of boots (worn)
Jewellery
 u - a ring of willpower (left hand)
 y - a ring of resist corrosion (right hand)
 I - an amulet of regeneration (around neck)
Wands
 w - a wand of polymorph (5)
 F - a wand of acid (4)
Scrolls
 e - 5 scrolls of fog {unknown}
 g - 5 scrolls of identify
 h - a scroll of vulnerability {unknown}
 l - 2 scrolls of amnesia {unknown}
 m - a scroll of blinking {unknown}
 n - 8 scrolls of teleportation {unknown}
 o - 5 scrolls of magic mapping {unknown}
 r - 2 scrolls of summoning {unknown}
 t - a scroll of fear {unknown}
 A - a scroll of enchant armour {unknown}
 E - a scroll of enchant weapon {unknown}
 J - a scroll of holy word {unknown}
Potions
 d - 3 potions of heal wounds
 j - 2 potions of resistance
 p - 2 potions of mutation
 q - 3 potions of magic
 s - 2 potions of haste
 D - 4 potions of curing
 H - a potion of attraction {unknown}
 K - a potion of invisibility {unknown}
 M - a potion of flight {unknown}
 N - 2 potions of brilliance
Miscellaneous
 O - a piece from Xom's chessboard (15/15)


   Skills:
 + Level 9.3 Fighting
 * Level 12.3 Axes
 + Level 9.4 Armour
 - Level 4.0 Shields
 + Level 5.3 Invocations


You had 9 spell levels left.
You didn't know any spells.
Your spell library contained the following spells:

 Spells                   Type           Power      Damage    Failure   Level
 Magic Dart               Conj           0%         1d3       58%         1
 Blink                    Tloc           N/A        N/A       75%         2
 Call Imp                 Summ           0%         N/A       75%         2
 Call Canine Familiar     Summ           0%         N/A       92%         3
 Lesser Beckoning         Tloc           0%         N/A       92%         3
 Mephitic Cloud           Conj/Pois/Air  0%         N/A       92%         3
 Ozocubu's Armour         Ice            0%         N/A       92%         3
 Portal Projectile        Hex/Tloc       0%         N/A       92%         3
 Airstrike                Air            0%         N/A       100%        4
 Leda's Liquefaction      Hex/Erth       0%         N/A       100%        4
 Summon Lightning Spire   Summ/Air       0%         N/A       100%        4
 Lightning Bolt           Conj/Air       0%         1d11      100%        5
 Manifold Assault         Tloc           0%         N/A       100%        5
 Metabolic Englaciation   Hex/Ice        0%         N/A       100%        5
 Simulacrum               Ice/Necr       0%         N/A       100%        6


Dungeon Overview and Level Annotations

Branches:
Dungeon (8/15)             Temple (1/1) D:4           Sewer (visited)
 Bailey (visited)
   Lair: D:8-11

Altars:
Ashenzari
Dithmenos
Elyvilon
Fedhas
Gozag
Hepliaklqana
Kikubaaqudgha
Makhleb
Nemelex Xobeh
Okawaru
Qazlal
Ru
Sif Muna
Trog
Uskayaw
Vehumet
Wu Jian
Xom
Yredelemnul
Zin
The Shining One
Lugonu

Shops:
D:5 [   D:8 *

Annotations:
D:4 3 runed translucent doors, siradein's ghost, novice TrHu
D:7 Menkaure


Innate Abilities, Weirdness & Mutations

You have a pair of horns on your head.
You reflexively headbutt those who attack you in melee.


Message History

The kobold demonologist casts a cantrip, but nothing happens.
The red devil hits you from afar with a +0 trident.
Barbed spikes become lodged in your body.
The gnoll barely misses you.
You hit the kobold demonologist.
Your headbutt misses the kobold demonologist.
The kobold demonologist is severely wounded.
You barely miss the rust devil. You hit the ice devil but do no damage.
The rust devil hits you. The rust devil corrodes you! The ice devil hits you!
The ice devil freezes you! You resist.
* * * LOW HITPOINT WARNING * * *
You closely miss the kobold demonologist.
Your headbutt misses the kobold demonologist.
The kobold demonologist is severely wounded.
You hit the rust devil but do no damage.
You hit the ice devil but do no damage.
The kobold demonologist hits you but does no damage.
The red devil closely misses you.
The gnoll splashes around in the water.
The rust devil hits you.
Unknown command.
You hit the kobold demonologist but do no damage.
Your headbutt misses the kobold demonologist.
The kobold demonologist is severely wounded.
You hit the rust devil but do no damage.
You hit the ice devil but do no damage. The ice devil hits you.
* * * LOW HITPOINT WARNING * * *
The ice devil freezes you! You resist.
* * * LOW HITPOINT WARNING * * *
The kobold demonologist hits you but does no damage.
The gnoll hits you from afar with a +0 halberd.
* * * LOW HITPOINT WARNING * * *
You block the red devil's attack. The rust devil hits you.
Unknown command.
You hit the kobold demonologist.
The kobold demonologist is almost dead.
You hit the rust devil but do no damage.
You barely miss the ice devil. The ice devil hits you.
* * * LOW HITPOINT WARNING * * *
The ice devil freezes you! You resist.
You die...

.........#.#.....>........####.#
.._..)...#.#..............# #.##
.....)...)................# #...
..#.....#.........##......#######
..####.†.....#))#.##.............
............))....###############
.#)........#.))......... .....
..)....)......)...4..... .....
≈≈)≈≈≈≈≈≈)≈≈≈≈≈.@..≈≈≈≈≈ ≈≈≈≈≈
≈≈≈≈≈≈≈≈≈≈≈≈≈≈≈44K.≈≈≈≈≈ ≈≈≈≈≈
###≈≈≈≈≈≈≈≈≈≈≈g.gO.≈≈≈≈≈ ≈≈≈##
oo#..................... .. #.
o.#############''''##### # #. #'#
#....# #+ #o. #....# # '....' #


You could see an ice devil (summoned), a rust devil (summoned), a kobold
demonologist, a red devil (summoned), an ogre and 2 gnolls.

Vanquished Creatures
  A two-headed ogre (D:6)
  Grinder (D:3)
  Sigmund (D:3)
  2 humans (D:8)
  2 water moccasins
  3 orc warriors (Bailey)
  2 black bears (D:4)
  2 necrophages
  5 ogres
  5 kobold brigands
  2 bullfrogs
  A gnoll sergeant (D:8)
  A scorpion (D:5)
  2 water moccasin skeletons
  6 killer bees (D:8)
  4 wights (D:8)
  10 howler monkeys
  3 centaur zombies
  2 gnoll shamans (D:8)
  A centaur skeleton (D:6)
  3 orc priests
  8 hounds
  Ijyb (D:4)
  2 iguanas
  Natasha (twice) (D:2)
  6 orc wizards
  A hound skeleton (D:5)
  A howler monkey zombie (D:6)
  Robin (D:3)
  2 gnolls
  A river rat (D:3)
  6 adders
  A white imp (D:7)
  2 worms
  A dart slug (D:2)
  28 orcs
  3 bats
  11 endoplasms
  3 giant cockroaches
  26 goblins
  12 hobgoblins
  9 jackals
  5 quokkas
  12 ball pythons
  8 frilled lizards
  22 kobolds
  5 rats
238 creatures vanquished.

Vanquished Creatures (others)
  A human (D:7)
  21 plants
22 creatures vanquished.

Grand Total: 260 creatures vanquished

Notes
Turn   | Place    | Note
-------+----------+-------------------------------------------
     0 | D:1      | heikuro the Minotaur Fighter began the quest for the Orb.
     0 | D:1      | Reached XP level 1. HP: 19/19 MP: 0/0
   138 | D:1      | Reached XP level 2. HP: 27/27 MP: 1/1
   215 | D:1      | Reached skill level 3 in Axes
   895 | D:1      | Reached XP level 3. HP: 33/33 MP: 2/2
  1431 | D:2      | Found a faded altar of an unknown god.
  1435 | D:2      | Reached XP level 4. HP: 40/40 MP: 3/3
  1451 | D:2      | Reached skill level 4 in Axes
  1828 | D:3      | Noticed Sigmund
  1829 | D:3      | Noticed Natasha
  1840 | D:2      | Killed Natasha
  2001 | D:2      | Noticed Natasha
  2012 | D:2      | Killed Natasha
  2013 | D:2      | Reached XP level 5. HP: 38/47 MP: 4/4
  2029 | D:3      | Killed Sigmund
  2030 | D:3      | Reached skill level 5 in Fighting
  2030 | D:3      | Reached skill level 5 in Axes
  2030 | D:3      | Reached skill level 5 in Armour
  2030 | D:3      | Reached XP level 6. HP: 33/56 MP: 5/5
  2059 | D:3      | Noticed Grinder
  2077 | D:3      | Killed Grinder
  2078 | D:3      | Reached skill level 6 in Axes
  2126 | D:3      | Found a glowing drain.
  2132 | Sewer    | Entered a sewer
  2252 | Sewer    | Reached XP level 7. HP: 60/61 MP: 6/6
  2964 | D:3      | Noticed Robin
  2976 | D:3      | Killed Robin
  3163 | D:3      | Found a stormy altar of Qazlal.
  3299 | D:3      | Found a glowing silver altar of Zin.
  3488 | D:4      | Found a hazy altar of Hepliaklqana.
  3504 | D:4      | Reached skill level 7 in Axes
  3561 | D:4      | Noticed siradein's ghost (novice TrHu)
  3573 | D:4      | Found a runed translucent gate.
  3573 | D:4      | Found a runed translucent gate.
  3573 | D:4      | Found a runed translucent gate.
  3593 | D:4      | Noticed Ijyb
  3603 | D:4      | Killed Ijyb
  3620 | D:4      | Found a basalt altar of Yredelemnul.
  3696 | D:4      | Found the +10 dark maul {vorpal}
  3837 | D:4      | Identified the +5 ring mail of the Wheelwright {rPois rC+}
  4108 | D:4      | Identified the +1 fire dragon scales of a Labyrinth {rElec
                  | rF++ rC- rCorr Slay+6 Stlth-}
  4215 | D:4      | Reached skill level 8 in Axes
  4215 | D:4      | Reached XP level 8. HP: 71/71 MP: 7/7
  4234 | D:4      | Found a staircase to the Ecumenical Temple.
  4528 | Temple   | Entered the Ecumenical Temple
  4566 | Temple   | Became a worshipper of Lugonu the Unformed
  4566 | Temple   | Reached * piety under Lugonu
  4656 | D:5      | Entered Level 5 of the Dungeon
  4662 | D:5      | Found a white marble altar of Elyvilon.
  5119 | D:5      | Found Miptagrola's Armour Boutique.
  5241 | D:5      | Reached skill level 1 in Invocations
  5375 | D:6      | Noticed a two-headed ogre
  5509 | D:6      | Reached skill level 9 in Axes
  5548 | D:6      | Killed a two-headed ogre
  5549 | D:6      | Reached XP level 9. HP: 30/79 MP: 8/10
  5856 | D:6      | Found a shadowy altar of Dithmenos.
  6027 | D:6      | Reached skill level 10 in Axes
  6411 | D:7      | Found a blossoming altar of Fedhas.
  6412 | D:7      | Upgraded the game from 0.28-a0-529-g3bad584f25 to
                  | 0.28-a0-533-g9f97627e2a
  6525 | D:7      | Found a burning altar of Makhleb.
  6525 | D:7      | Noticed Menkaure
  7006 | D:7      | Found an ancient bone altar of Kikubaaqudgha.
  7043 | D:7      | Found a hide-covered altar of Uskayaw.
  7329 | D:8      | Reached ** piety under Lugonu
  7334 | D:8      | Found Osennosch's General Store.
  7342 | D:8      | Reached skill level 11 in Axes
  7404 | D:8      | Found an iron altar of Okawaru.
  7442 | D:8      | Found a flagged portal.
  7456 | Bailey   | Entered a bailey
  7549 | Bailey   | Reached XP level 10. HP: 45/90 MP: 12/12
  7549 | Bailey   | Found an iron altar of Okawaru.
  7888 | D:8      | Found an opulent altar of Gozag.
  7901 | D:8      | Reached skill level 5 in Invocations
  7938 | D:8      | Reached skill level 12 in Axes
  7971 | D:8      | Reached *** piety under Lugonu
  8142 | D:8      | Noticed a rust devil
  8152 | D:8      | HP: 3/91 [ice devil[a kobold demonologist] (5)]
  8152 | D:8      | Mangled by an ice devil

Illustrated notes

Levels and vault maps discovered:
D:1:      evilmike_arrival_crescent, layout_loops_cross
D:2:      minmay_chambers_of_ones, layout_rooms, basic_ecumenical_altar
D:3:      layout_rooms, mainiacjoe_overflow_surrounded_room,
          amcnicky_altar_gilded, gup_sewer_entry_bubbles, uniq_robin,
          uniq_natasha, uniq_grinder, uniq_sigmund
D:4:      layout_layer_cave, overflow_temple_1_default,
          mainiacjoe_overflow_24_doors, temple_hall, gammafunk_ghost_split,
          uniq_ijyb
D:5:      layout_loops_cross, elyvilon_altar_1, serial_shops,
          nicolae_lakefront_shop, kennysheep_nondescript
D:6:      layout_cave_pools, grunt_dithmenos_smoke, minivault_5,
          chequers_mini_garden
D:7:      layout_loops_ring, lemuel_doored_altar, mainiacjoe_overflow_paths,
          pf_just_have_faith, tgw_kikubaaqudgha, uniq_menkaure
D:8:      lemuel_castle_with_subvaults [lemuel_castle_interior_carwin_3],
          layout_basic, chei_slow_surprise, nicolae_gozag_seed_capital,
          okawaru_humans, serial_shops, shop, enter_bailey_4
Temple:   corrupted_temple

Skill      XL: |  1  2  3  4  5  6  7  8  9 10 |
---------------+-------------------------------+-----
Axes           | 3 4 5 6 8 9 11 12 | 12.3
Armour         | 4 5 6 7 8 9 |  9.4
Shields        | 4 |  4.0
Fighting       | 4 5 6 7 8 9 |  9.3
Invocations    | 2 4 5 |  5.3

Action                   |  1- 3 |  4- 6 |  7- 9 | 10-12 || total
-------------------------+-------+-------+-------+-------++-------
Melee: War axe           |    27 |       |       |       ||    27
       Headbutt          |    10 |     8 |    73 |    18 ||   109
       Hand axe          |    56 |    63 |   362 |   111 ||   592
Throw: Throwing net      |       |     2 |       |       ||     2
       Dart              |       |       |     9 |       ||     9
  Use: Potion            |       |     1 |       |       ||     1
       Scroll            |       |       |       |     7 ||     7
 Stab: Held in net/web   |       |     1 |       |       ||     1
Armor: Scale mail        |    38 |    25 |    42 |       ||   105
       Ring mail         |       |       |   100 |    46 ||   146
Dodge: Dodged            |    46 |    20 |   148 |    54 ||   268
Block: Buckler           |    15 |     9 |    91 |    26 ||   141

Table legend: (Time is in decaauts)
 A = Elapsed time spent in this place.
 B = Non-inter-level travel time spent in this place.
 C = Inter-level travel time spent in this place.
 D = Time resting spent in this place.
 E = Time spent auto-exploring this place.
 F = Levels seen in this place.
 G = Mean time per level.
                   A        B        C        D        E       F      G
               +--------+--------+--------+--------+--------+-----+--------+
         Total |   8314 |   7760 |    554 |   1132 |   4384 |  11 |  755.8 |
       Dungeon |   7105 |   6565 |    540 |    971 |   3772 |   8 |  888.1 |
        Temple |     53 |     39 |     14 |      0 |     28 |   1 |   53.0 |
         Sewer |    978 |    978 |      0 |    113 |    569 |   1 |  978.0 |
        Bailey |    177 |    177 |      0 |     48 |     15 |   1 |  177.0 |
               +--------+--------+--------+--------+--------+-----+--------+

Top non-repeatable levels by time:
     D:4: 1110 daAuts
     D:1: 1038 daAuts
     D:7: 1036 daAuts
     D:2: 991 daAuts
   Sewer: 978 daAuts
     D:6: 832 daAuts
     D:5: 744 daAuts
     D:3: 712 daAuts
     D:8: 638 daAuts
  Bailey: 177 daAuts
  Temple: 53 daAuts
